Map: Ruins of Seras

Players

speaknow (ByuN) - Winner!

  • Race: Terran Terran
  • League: Platinum

puCK (Nina)

  • Race: Protoss Protoss
  • League: Grandmaster

VOD

Have the link to the VOD?

Description

Time

  • Played on: Dec. 14, 2015, 6:51 p.m.
  • Length: 5:15
Show
View Real Time Build Order
Export as new Build Order

speaknow Terran - Winner!

Build Orders: 1/1/1, Liberator Opening 

Get SALT Encoding   

  12  0:00  SCV  
  13  0:13  SCV  
  14  0:17  Supply Depot  
  14  0:25  SCV  
  15  0:39  SCV  
  15  0:41  Barracks  
  16  0:45  Refinery  
  16  0:51  SCV  
  16  0:55  Refinery  
  17  1:03  SCV  
  18  1:15  SCV  
  19  1:27  Marine  
  19  1:28  Orbital Command  
  20  1:34  Factory  
  20  1:46  Barracks Reactor  
  20  1:49  Supply Depot  
  20  1:55  SCV  
  21  2:07  SCV  
  22  2:19  SCV, Starport, Widow Mine  
  25  2:25  Marine  
  25  2:26  Marine  
  27  2:33  Supply Depot  
  27  2:37  SCV  
  27  2:43  Marine  
  27  2:44  Marine  
  29  2:49  SCV  
  31  2:55  Medivac  
  31  2:56  Widow Mine  
  35  3:04  Supply Depot  
  35  3:07  Marine  
  35  3:08  Liberator  
  35  3:09  Marine  
  37  3:13  SCV  
  37  3:25  Widow Mine  
  42  3:31  Supply Depot  
  42  3:50  SCV  
  42  3:59  Command Center  
  42  4:00  Factory Tech Lab  
  42  4:06  SCV  
  42  4:09  Marine, Liberator  
  43  4:10  Marine  
  45  4:18  SCV  
  46  4:27  Marine x2  
  50  4:36  Supply Depot, SCV  
  51  4:45  Marine  
  51  4:48  SCV  
  53  4:56  Marine  
  54  5:00  SCV  
Show
View Real Time Build Order
Export as new Build Order

puCK Protoss 

Build Orders: Nexus First 

Get SALT Encoding   

  12  0:01  Probe (Chrono Boost)  
  13  0:11  Probe (Chrono Boost)  
  14  0:17  Pylon  
  14  0:22  Probe (Chrono Boost)  
  15  0:36  Probe (Chrono Boost)  
  16  0:46  Probe (Chrono Boost)  
  17  0:59  Nexus  
  17  1:09  Gateway  
  17  1:12  Probe (Chrono Boost)  
  18  1:22  Assimilator  
  18  1:23  Probe (Chrono Boost)  
  19  1:26  Assimilator  
  19  1:33  Probe (Chrono Boost)  
  19  1:36  Pylon  
  20  1:44  Probe (Chrono Boost)  
  21  1:50  Gateway  
  21  2:00  Cybernetics Core  
  21  2:03  Probe (Chrono Boost)  
  22  2:11  Probe (Chrono Boost)  
  22  2:14  Probe (Chrono Boost)  
  24  2:22  Probe (Chrono Boost)  
  25  2:25  Probe (Chrono Boost)  
  26  2:32  Probe (Chrono Boost)  
  26  2:33  Warp Gate  
  26  2:35  Probe (Chrono Boost)  
  28  2:37  Adept (Chrono Boost)  
  28  2:38  Adept (Chrono Boost)  
  28  2:43  Probe  
  33  2:48  Mothership Core (Chrono Boost)  
  35  2:55  Probe (Chrono Boost)  
  36  3:07  Probe (Chrono Boost)  
  36  3:08  Probe (Chrono Boost)  
  38  3:17  Probe (Chrono Boost)  
  38  3:18  Probe (Chrono Boost)  
  40  3:22  Twilight Council  
  40  3:28  Probe (Chrono Boost), Nexus  
  40  3:31  Probe (Chrono Boost)  
  42  3:36  Pylon  
  42  3:38  Probe (Chrono Boost)  
  43  3:42  Probe (Chrono Boost)  
  44  3:49  Probe (Chrono Boost)  
  44  3:52  Probe (Chrono Boost)  
  44  3:54  Robotics Facility  
  46  3:58  Pylon  
  43  4:12  Probe  
  43  4:15  Gateway  
  35  4:32  Probe  
  31  4:46  Stalker  
  30  4:54  Stalker  
Tags
 
Add a new tag
Caveats
  • Supply blocks, unpowered buildings, or Contaminate may cause inaccurate times.
  • Supply counts are checked every 10 seconds.